 Dungeon Crawl Stone Soup version 0.23.2-30-g0e89c35649 (webtiles) character file.

Game seed: 13164949389325472457

6119 troglodite the Magician (level 10, 0/79 HPs)
             Began as a Gnoll Skald on June 23, 2019.
             Was a High Priest of Okawaru.
             Slain by a slime creature (4 damage)
             ... on level 7 of the Dungeon on June 24, 2019.
             The game lasted 00:33:55 (7944 turns).

troglodite the Magician (Gnoll Skald)               Turns: 7944, Time: 00:33:56

Health: 0/79       AC: 15    Str: 14    XL:     10   Next: 89%
Magic:  14/21      EV: 16    Int: 18    God:    Okawaru [*****.]
Gold:   226        SH:  0    Dex: 21    Spells: 16/24 levels left

rFire    . . .     SeeInvis .   D - +4 rapier of Fewkae {elec, MR+}
rCold    . . .     Gourm    .   (no shield)
rNeg     . . .     Faith    .   H - +2 ring mail {rPois}
rPois    +         Spirit   .   k - +2 helmet
rElec    .         Reflect  .   h - +0 cloak
rCorr    .         Harm     .   j - +1 pair of gloves
MR       +....                  (no boots)
Stlth    +++.......             (no amulet)
HPRegen  0.23/turn              t - +6 ring of dexterity
MPRegen  0.17/turn              I - ring of poison resistance

@: no status effects
A: distributed training, fangs 1, strong nose
a: Heroism, Finesse, Renounce Religion


You were on level 7 of the Dungeon.
You worshipped Okawaru.
Okawaru was extremely pleased with you.
You were hungry.

You visited 1 branch of the dungeon, and saw 8 of its levels.

You collected 415 gold pieces.
You spent 189 gold pieces at shops.

Inventory:

Hand Weapons
 D - the +4 rapier of Fewkae (weapon) {elec, MR+}
   (You bought it in a shop on level 5 of the Dungeon)

   Occasionally, upon striking a foe, it will discharge some electrical energy
   and cause terrible harm.
   It affects your resistance to hostile enchantments.
 J - a +1 bardiche of venom
Armour
 h - a +0 cloak (worn)
 j - a +1 pair of gloves (worn)
 k - a +2 helmet (worn)
 H - a +2 ring mail of poison resistance (worn)
Magical Staves
 z - an uncursed staff of conjuration
 A - an uncursed staff of fire
Jewellery
 t - a +6 ring of dexterity (left hand)
 B - an uncursed ring of ice
 I - a ring of poison resistance (right hand)
Wands
 f - a wand of flame (16)
 G - a wand of acid (9)
Scrolls
 a - a scroll of enchant weapon {unknown}
 e - 4 scrolls of remove curse
 l - a scroll of magic mapping {unknown}
 q - a scroll of fog {unknown}
 s - 3 scrolls of immolation
 u - a scroll of noise {unknown}
 w - a scroll of blinking {unknown}
 x - 3 scrolls of teleportation
 y - 2 scrolls of enchant armour {unknown}
Potions
 b - a potion of lignification
 c - 3 potions of magic {unknown}
 g - 2 potions of curing
 i - 2 potions of resistance
 m - a potion of heal wounds
 n - 2 potions of cancellation
 o - 2 potions of might
 p - a potion of haste {unknown}
 v - a potion of invisibility {unknown}
 C - 2 potions of agility {unknown}
 E - a potion of flight {unknown}
Comestibles
 d - 18 rations
 r - 2 chunks of flesh


   Skills:
 + Level 7.3 Fighting
 + Level 5.6 Short Blades
 + Level 5.6 Long Blades
 + Level 5.6 Axes
 + Level 5.6 Maces & Flails
 + Level 7.3 Polearms
 + Level 5.6 Staves
 + Level 5.6 Slings
 + Level 5.6 Bows
 + Level 5.6 Crossbows
 + Level 5.6 Throwing
 + Level 6.2 Armour
 + Level 7.3 Dodging
 + Level 5.6 Stealth
 + Level 5.6 Shields
 + Level 5.6 Unarmed Combat
 + Level 7.6 Spellcasting
 + Level 4.6 Conjurations
 + Level 4.6 Hexes
 + Level 7.2 Charms
 + Level 4.6 Summonings
 + Level 4.6 Necromancy
 + Level 4.6 Translocations
 + Level 4.6 Transmutations
 + Level 4.6 Fire Magic
 + Level 4.6 Ice Magic
 + Level 4.6 Air Magic
 + Level 4.6 Earth Magic
 + Level 4.6 Poison Magic
 + Level 6.1 Invocations
 + Level 5.6 Evocations


You had 16 spell levels left.
You knew the following spells:

 Your Spells              Type           Power        Failure   Level  Hunger
a - Infusion              Chrm           ####         1%          1    None
b - Spectral Weapon       Hex/Chrm       ####....     4%          3    #......
c - Regeneration          Chrm/Necr      ####......   4%          3    #......
d - Shock                 Conj/Air       ###.         2%          1    None

Your spell library contained the following spells:

 Spells                   Type           Power        Failure   Level  Hunger
 Song of Slaying          Chrm           ####....     1%          2    None
 Animate Skeleton         Necr           N/A          2%          1    None
 Apportation              Tloc           ###...       2%          1    None
 Confusing Touch          Hex            ###...       2%          1    None
 Summon Small Mammal      Summ           ###.         2%          1    None
 Shroud of Golubria       Chrm/Tloc      ####......   2%          2    None
 Swiftness                Chrm/Air       ####....     2%          2    None
 Static Discharge         Conj/Air       ###.....     9%          3    #......
 Airstrike                Air            ###.......   28%         4    ###....
 Lightning Bolt           Conj/Air       ###.......   61%         5    #####..


Dungeon Overview and Level Annotations

Branches:
Dungeon (8/15)             Temple (0/1) D:6            Lair (0/6) D:8

Altars:
Ashenzari
Dithmenos
Hepliaklqana
Nemelex Xobeh
Okawaru
Yredelemnul
Zin

Shops:
D:5 (


Innate Abilities, Weirdness & Mutations

Your experience applies equally to all skills.
You have very sharp teeth.
Your uncanny sense of smell can sniff out nearby items.


Message History

Casting: Shock (safe; 2% risk of failure)
Confirm with . or Enter, or press ? or * to list all spells.
Aiming: Shock (safe; 2% risk of failure)
Press: ? - help, Shift-Dir - straight line
Okay, then.
Casting: Shock (safe; 2% risk of failure)
Confirm with . or Enter, or press ? or * to list all spells.
You draw out your weapon's spirit!
The slime creature hits you.
* * * LOW HITPOINT WARNING * * *
You hit the slime creature.
You bite the slime creature, but do no damage.
The slime creature is lightly wounded.
Your spectral weapon barely misses the slime creature.
The slime creature hits you!
* * * LOW HITPOINT WARNING * * *
You puncture the slime creature!
The slime creature is moderately wounded.
Your spectral weapon hits the slime creature!
The slime creature hits you.
You die...

...(............###
.........#.....##
.#..).......##[#
............##.#
##........#.##.#
##.......##.##.#
..#.......#.##.####
#.........#.##.(J.#
###.......#.#..#@.#
###...........#..##
.........##.....##
###.##.#.##.....#
#.##.[....#...#
##.####รท......##
##...........###
...............#
##.............#


You could see a slime creature and a friendly spectral +4 rapier of Fewkae
{elec, MR+}.

Vanquished Creatures
  3 death yaks (D:7)
  Joseph (D:7)
  2 slime creatures
  A wyvern (D:8)
  A human (D:7)
  4 hogs (D:7)
  Duvessa (D:4)
  An ice beast (D:6)
  2 porcupines
  2 phantoms
  2 ogres
  2 centaurs
  2 bullfrogs (D:7)
  3 scorpions
  Dowan (D:4)
  3 wights (D:7)
  2 howler monkeys
  A bullfrog zombie (D:5)
  A centaur zombie (D:5)
  A crimson imp (D:7)
  2 jellies (D:5)
  5 hounds
  2 bullfrog skeletons (D:5)
  An orc priest (D:6)
  9 orc wizards
  3 centaur skeletons
  3 iguanas
  A hell rat (D:8)
  2 worker ants
  2 hound zombies
  4 hound skeletons (D:5)
  A worker ant zombie (D:5)
  A howler monkey skeleton (D:5)
  13 adders
  2 river rats (D:8)
  An ooze (D:6)
  5 adder zombies (D:5)
  2 adder skeletons
  A worm (D:2)
  4 dart slugs
  6 leopard geckos
  27 orcs
  13 bats
  5 giant cockroaches
  9 hobgoblins
  8 jackals
  6 kobolds
  6 quokkas
  A ball python (D:5)
  4 frilled lizards
  2 giant cockroach zombies (D:5)
  12 goblins
  A jackal zombie (D:5)
  A leopard gecko zombie (D:5)
  A quokka skeleton (D:5)
  12 rats
214 creatures vanquished.

Vanquished Creatures (others)
  A spectral weapon (D:8)
1 creature vanquished.

Grand Total: 215 creatures vanquished

Notes
Turn   | Place    | Note
-------+----------+-------------------------------------------
     0 | D:1      | troglodite the Gnoll Skald began the quest for the Orb.
     0 | D:1      | Reached XP level 1. HP: 20/20 MP: 6/6
    65 | D:1      | Reached XP level 2. HP: 21/26 MP: 7/7
   296 | D:1      | Reached XP level 3. HP: 24/31 MP: 9/9
   299 | D:1      | Reached skill level 5 in Spellcasting
   466 | D:1      | Reached skill level 1 in Invocations
   733 | D:1      | Learned a level 3 spell: Spectral Weapon
   737 | D:1      | Learned a level 3 spell: Regeneration
   759 | D:2      | Reached skill level 1 in Short Blades
   759 | D:2      | Reached skill level 1 in Long Blades
   759 | D:2      | Reached skill level 1 in Axes
   759 | D:2      | Reached skill level 1 in Maces & Flails
   759 | D:2      | Reached skill level 1 in Staves
   759 | D:2      | Reached skill level 1 in Slings
   759 | D:2      | Reached skill level 1 in Bows
   759 | D:2      | Reached skill level 1 in Crossbows
   759 | D:2      | Reached skill level 1 in Throwing
   759 | D:2      | Reached skill level 1 in Stealth
   759 | D:2      | Reached skill level 1 in Shields
   759 | D:2      | Reached skill level 1 in Unarmed Combat
   759 | D:2      | Reached skill level 1 in Evocations
   759 | D:2      | Reached XP level 4. HP: 38/38 MP: 11/11
  1100 | D:3      | Found a shadowy altar of Dithmenos.
  1190 | D:3      | Found an iron altar of Okawaru.
  1212 | D:3      | Became a worshipper of Warmaster Okawaru
  1246 | D:3      | Reached skill level 1 in Conjurations
  1246 | D:3      | Reached skill level 1 in Hexes
  1246 | D:3      | Reached skill level 1 in Summonings
  1246 | D:3      | Reached skill level 1 in Necromancy
  1246 | D:3      | Reached skill level 1 in Translocations
  1246 | D:3      | Reached skill level 1 in Transmutations
  1246 | D:3      | Reached skill level 1 in Fire Magic
  1246 | D:3      | Reached skill level 1 in Ice Magic
  1246 | D:3      | Reached skill level 1 in Air Magic
  1246 | D:3      | Reached skill level 1 in Earth Magic
  1246 | D:3      | Reached skill level 1 in Poison Magic
  1290 | D:3      | Found a hazy altar of Hepliaklqana.
  1291 | D:3      | Found a glowing silver altar of Zin.
  1467 | D:2      | Reached XP level 5. HP: 39/43 MP: 12/12
  2660 | D:3      | Found a faded altar of an unknown god.
  3158 | D:4      | Reached XP level 6. HP: 47/50 MP: 9/13
  3184 | D:4      | Reached skill level 5 in Fighting
  3184 | D:4      | Reached skill level 5 in Polearms
  3184 | D:4      | Reached skill level 5 in Dodging
  3256 | D:4      | Noticed Dowan
  3259 | D:4      | Noticed Duvessa
  3265 | D:4      | Killed Dowan
  3286 | D:4      | Killed Duvessa
  3286 | D:4      | Reached * piety under Okawaru
  3286 | D:4      | Reached XP level 7. HP: 21/56 MP: 15/15
  3711 | D:4      | Found a basalt altar of Yredelemnul.
  3969 | D:5      | Entered Level 5 of the Dungeon
  4027 | D:5      | Found a shattered altar of Ashenzari.
  4131 | D:5      | Found Loty's Antique Weapon Shoppe.
  4153 | D:5      | Found a sparkling altar of Nemelex Xobeh.
  4161 | D:5      | Reached XP level 8. HP: 60/63 MP: 13/16
  4388 | D:5      | Reached ** piety under Okawaru
  4444 | D:5      | Learned a level 1 spell: Shock
  4857 | D:5      | Bought an encrusted rapier for 189 gold pieces
  4857 | D:5      | Identified the +4 rapier of Fewkae {elec, MR+} (You bought
                  | it in a shop on level 5 of the Dungeon)
  5149 | D:6      | Found a staircase to the Ecumenical Temple.
  5784 | D:7      | Reached XP level 9. HP: 69/69 MP: 18/18
  5920 | D:7      | Noticed Joseph
  5926 | D:7      | Reached *** piety under Okawaru
  5931 | D:7      | Killed Joseph
  6172 | D:7      | Reached skill level 5 in Armour
  6317 | D:7      | Reached **** piety under Okawaru
  6323 | D:7      | Reached skill level 5 in Invocations
  6510 | D:8      | Reached XP level 10. HP: 67/77 MP: 20/20
  6582 | D:8      | Noticed a death yak
  6583 | D:8      | Noticed a death yak
  6588 | D:8      | Found a staircase to the Lair.
  6590 | D:8      | Noticed a death yak
  6622 | D:7      | Killed a death yak
  6622 | D:7      | Reached skill level 5 in Short Blades
  6622 | D:7      | Reached skill level 5 in Long Blades
  6622 | D:7      | Reached skill level 5 in Axes
  6622 | D:7      | Reached skill level 5 in Maces & Flails
  6622 | D:7      | Reached skill level 5 in Staves
  6622 | D:7      | Reached skill level 5 in Slings
  6622 | D:7      | Reached skill level 5 in Bows
  6622 | D:7      | Reached skill level 5 in Crossbows
  6622 | D:7      | Reached skill level 5 in Throwing
  6622 | D:7      | Reached skill level 5 in Stealth
  6622 | D:7      | Reached skill level 5 in Shields
  6622 | D:7      | Reached skill level 5 in Unarmed Combat
  6622 | D:7      | Reached skill level 5 in Evocations
  6625 | D:7      | Reached ***** piety under Okawaru
  7056 | D:7      | Killed a death yak
  7321 | D:7      | Killed a death yak
  7321 | D:7      | Received a gift from Okawaru
  7944 | D:7      | Slain by a slime creature

Skill      XL: |  1  2  3  4  5  6  7  8  9 10 |
---------------+-------------------------------+-----
Spellcasting   | 5 6 7 |  7.6
Invocations    | 1 2 3 4 5 6 |  6.1
Short Blades   | 1 2 3 4 5 |  5.6
Long Blades    | 1 2 3 4 5 |  5.6
Axes           | 1 2 3 4 5 |  5.6
Maces & Flails | 1 2 3 4 5 |  5.6
Staves         | 1 2 3 4 5 |  5.6
Slings         | 1 2 3 4 5 |  5.6
Bows           | 1 2 3 4 5 |  5.6
Crossbows      | 1 2 3 4 5 |  5.6
Throwing       | 1 2 3 4 5 |  5.6
Stealth        | 1 2 3 4 5 |  5.6
Shields        | 1 2 3 4 5 |  5.6
Unarmed Combat | 1 2 3 4 5 |  5.6
Evocations     | 1 2 3 4 5 |  5.6
Conjurations   | 1 2 3 4 |  4.6
Hexes          | 1 2 3 4 |  4.6
Summonings     | 1 2 3 4 |  4.6
Necromancy     | 1 2 3 4 |  4.6
Translocations | 1 2 3 4 |  4.6
Transmutations | 1 2 3 4 |  4.6
Fire Magic     | 1 2 3 4 |  4.6
Ice Magic      | 1 2 3 4 |  4.6
Air Magic      | 1 2 3 4 |  4.6
Earth Magic    | 1 2 3 4 |  4.6
Poison Magic   | 1 2 3 4 |  4.6
Armour         | 3 4 5 6 |  6.2
Fighting       | 5 6 7 |  7.3
Polearms       | 5 6 7 |  7.3
Dodging        | 5 6 7 |  7.3
Charms         | 6 7 |  7.2

Action                   |  1- 3 |  4- 6 |  7- 9 | 10-12 || total
-------------------------+-------+-------+-------+-------++-------
Melee: Spear             |   153 |   206 |       |       ||   359
       Bite              |     9 |    25 |    37 |     2 ||    73
       Trident           |       |    89 |   181 |       ||   270
       Punch             |       |       |     3 |     3 ||     6
       Rapier            |       |       |   134 |    62 ||   196
 Cast: Spectral Weapon   |       |     2 |    11 |     7 ||    20
       Shock             |       |       |       |     9 ||     9
  Use: Scroll            |       |     1 |     5 |     2 ||     8
       Potion            |       |     5 |       |     3 ||     8
 Stab: Sleeping          |       |     2 |     6 |     1 ||     9
       Distracted        |       |     1 |     2 |     1 ||     4
  Eat: Chunk             |       |     8 |    11 |     1 ||    20
       Ration            |       |       |       |     1 ||     1
Armor: Leather armour    |     8 |       |       |       ||     8
       Ring mail         |    38 |    99 |   104 |    19 ||   260
       Skin              |       |    15 |     1 |       ||    16
Dodge: Dodged            |   126 |   168 |   231 |    57 ||   582
